 Dungeon Sprint DCSS version 0.28-a0-1524-ge72afd5fc6 (webtiles) character file.

Game seed: 9097477442935762675

136243 mhtbhm the Swordmaster (level 15, -4/174 HPs)
             Began as a Grey Draconian Berserker on Jan 17, 2022.
             Was the Champion of Trog.
             Slain by a naga warrior (22 damage)
             ... in the Dungeon (Sprint IX: "|||||||||||||||||||||||||||||").
             The game lasted 00:13:13 (7076 turns).

mhtbhm the Swordmaster (Grey Draconian Berserker)   Turns: 7076, Time: 00:13:14

Health: -4/174     AC: 25    Str: 26    XL:     15   Next: 54%
Magic:  15/15      EV: 22    Int:  7    God:    Trog [******]
Gold:   1210       SH:  0    Dex: 12    Spells: 14/14 levels left

rFire   + . .      SeeInvis .   r - +6 triple sword of Distraction {vorpal, rPois rF+}
rCold   . . .      Faith    .   (shield currently unavailable)
rNeg    . . .      Spirit   .   (armour unavailable)
rPois   +          Reflect  .   (helmet restricted)
rElec   .          Harm     .   v - +1 cloak {rCorr}
rCorr   +          Rampage  .   w - +2 pair of gloves
Will    +....      NoTele   +   D - +1 pair of boots
Stlth   ++........              (no amulet)
HPRegen 0.39/turn               l - +2 ring of protection
MPRegen 0.14/turn               k - +2 ring of protection

@: untranslocatable, on berserk cooldown, slowed, very slow
A: AC +14, amphibious, unfitting armour, cold-blooded
}: 3/17 runes: decaying, barnacled, gossamer
a: Renounce Religion, Berserk, Trog's Hand, Brothers in Arms


You were in the Dungeon.
You worshipped Trog.
Trog was exalted by your worship.
You visited 1 branch You collected 1924 gold pieces.
You spent 714 gold pieces at shops.

Inventory:

Hand Weapons
 a - a +2 scimitar of freezing
 r - the +6 triple sword of Distraction (weapon) {vorpal, rPois rF+}
   (Trog gifted it to you in the Dungeon)

   It inflicts extra damage upon your enemies.
   rF:        It protects you from fire.
   rPois:     It protects you from poison.
 y - the +7 long sword of Impeachment {antimagic, Str+2}
   (You bought it in a shop in the Dungeon)

   It reduces the magical energy of the wielder, and disrupts the spells and
   magical abilities of those it strikes.
   Natural abilities and divine invocations are not affected.
   Str:       It affects your strength (+2).
 E - a +1 demon trident of venom
Missiles
 t - a throwing net (quivered)
 M - a javelin
Armour
 v - a +1 cloak of preservation (worn)
 w - a +2 pair of gloves (worn)
 D - a +1 pair of boots (worn)
 F - the +7 tower shield of the Wilderness {rPois Str+3 Dex-3}
   (You took it off Louise in the Dungeon)

   Str:       It affects your strength (+3).
   Dex:       It affects your dexterity (-3).
   rPois:     It protects you from poison.
Jewellery
 k - a +2 ring of protection (right hand)
 l - a +2 ring of protection (left hand)
 z - a ring of poison resistance
 A - a ring of fire
 B - a ring of see invisible
 C - a ring of protection from cold
 G - a +6 ring of intelligence
 H - a +2 ring of slaying
 I - a +4 ring of protection
 J - an amulet of regeneration
 K - a +4 ring of evasion
Wands
 i - a wand of acid (5)
 u - a wand of polymorph (9)
Scrolls
 g - 3 scrolls of blinking
 j - a scroll of fear
 o - 7 scrolls of identify
 p - 2 scrolls of enchant weapon
 q - 8 scrolls of enchant armour
 s - 4 scrolls of fog
Potions
 b - 7 potions of curing
 c - a potion of invisibility
 d - a potion of haste
 e - 4 potions of magic
 f - 2 potions of berserk rage
 h - 6 potions of heal wounds
 m - 2 potions of might
 n - 2 potions of mutation
 L - a potion of resistance


   Skills:
 O Level 27 Fighting
 O Level 27 Long Blades
 + Level 11.9 Throwing
 + Level 23.2 Dodging
 - Level 2.1 Stealth
 + Level 4.2 Evocations


You had 14 spell levels left.
You didn't know any spells.
Your spell library was empty.

Dungeon Overview and Level Annotations

Branches:
Dungeon (1/1)

Altars:
Cheibriados
Dithmenos
Elyvilon
Fedhas
Gozag
Hepliaklqana
Kikubaaqudgha
Makhleb
Nemelex Xobeh
Okawaru
Qazlal
Ru
Sif Muna
Trog
Uskayaw
Vehumet
Wu Jian
Xom
Yredelemnul
Zin
The Shining One
Beogh
Jiyva
Lugonu

Shops:
D [*([


Innate Abilities, Weirdness & Mutations

Your dull iron-grey scales are very hard. (AC +14)
You are amphibious.
You cannot fit into any form of body armour.
You are cold-blooded and may be slowed by cold attacks.


Message History

You hit the naga mage. You tail-slap the naga mage!
The naga mage is moderately wounded.
You feel very sick.
Unknown command.
You slice the naga mage!!
You feel the power of Trog in you as your rage grows.
You kill the naga mage!
Trog accepts your kill.
Trog appreciates your killing of a magic user.
Trog grants you a weapon! Something appears at your feet!
You see here a +1 long sword.
You feel very sick.
You feel very sick.
The naga warrior hits you with a +0 scimitar!!
* * * LOW HITPOINT WARNING * * *
The naga warrior grabs you. The naga warrior constricts you.
* * * LOW HITPOINT WARNING * * *
The naga mage casts a spell at the naga warrior.
The naga warrior seems to grow toxic.
Items here: )) [ ††.
You escape the naga warrior's grasp.
You feel a strong urge to attack something.
* * * LOW HITPOINT WARNING * * *
You feel very sick.
Items here: ))) [ ††.
Unknown command.
You are no longer berserk.
You are exhausted.
You feel yourself slow down.
* * * LOW HITPOINT WARNING * * *
You feel very sick.
Items here: ))) [ †.
Unknown command.
You feel better.
Unknown command.
Your cyclops goes berserk!
The naga warrior no longer looks unusually strong.
The naga mage barely misses your cyclops.
The naga warrior hits you with a +0 scimitar!!
You die...

*,,,,,,+,,,,,,,,,,,,,,,,,,,,,,,,
********************************
*,,,,,,,,,,,,,,,,,,,,,,,,,,,,,,,
*,******************************
*,,,+,,,,,,,,,+,,,,,,,,,,,,,,,,,
********************************
*,,,,,,,,,,,,,,,,,,,,,,,,,,,,,,,
*,****▓▓▓▓▓▓▓▓▓▓▓▓▓▓▓▓▓▓▓▓▓▓▓▓▓▓
*,,,,+......NCN@))))...........)
▓▓▓▓▓▓▓▓▓▓▓▓▓▓▓▓▓▓▓▓▓▓▓▓▓▓▓▓▓▓▓▓
▓...............................
▓.▓▓▓▓▓▓▓▓▓▓▓▓▓▓▓▓▓▓▓▓▓▓▓▓▓▓▓▓▓▓
▓..........'....................
▓▓▓▓▓▓▓▓▓▓▓▓▓▓▓▓▓▓▓▓▓▓▓▓▓▓▓▓▓▓▓▓
▓...............................
▓.▓▓▓▓▓▓▓▓▓▓▓▓▓▓▓▓▓▓▓▓▓▓▓▓▓▓▓▓▓▓
▓.........'....)...)...)))))[)))


You could see a naga warrior (curare), a naga mage (fast, strong, ally target)
and a friendly cyclops (summoned, berserk).

Vanquished Creatures
  Frances (D)
  A sphinx (D)
  A frost giant (D)
  Ilsuiw (D)
  6 nagarajas (D)
  An orc warlord (D)
  6 fire giants (D)
  Louise (D)
  4 emperor scorpions (D)
  A vault warden (D)
  5 stone giants (D)
  A broodmother (D)
  An ironbound preserver (D)
  2 vampire knights (D)
  2 dire elephants (D)
  Snorg (D)
  2 merfolk javelineers (D)
  An ettin (D)
  4 merfolk impalers (D)
  A fire dragon (D)
  5 yaktaur captains (D)
  3 great orbs of eyes (D)
  An ice dragon (D)
  7 hydras (D)
  A spriggan air mage (D)
  2 boulder beetles (D)
  3 merfolk avatars (D)
  An ironbound frostheart (D)
  A naga warrior (D)
  3 merfolk aquamancers (D)
  2 alligators (D)
  Urug (D)
  2 deep troll earth magi (D)
  A shock serpent (D)
  A spriggan (D)
  A sea snake (D)
  2 spriggan druids (D)
  A goliath frog (D)
  5 swamp dragons (D)
  An orb spider (D)
  A glowing orange brain (D)
  A lindwurm (D)
  6 orc knights (D)
  2 ironbound convokers (D)
  2 ugly things (D)
  A mana viper (D)
  8 orc sorcerers (D)
  2 deep elf pyromancers (D)
  A wolf spider (D)
  2 will-o-the-wisps (D)
  2 manticores (D)
  A salamander (D)
  A merfolk siren (D)
  A cyclops (D)
  8 elephants (D)
  A moth of wrath (D)
  4 black mambas (D)
  5 naga magi (D)
  2 water nymphs (D)
  A vault sentinel (D)
  2 cane toads (D)
  4 demonic crawlers (D)
  A tengu conjurer (D)
  A merfolk (D)
  A meliai (D)
  2 hornets (D)
  A tyrant leech (D)
  3 slime creatures (D)
  A tarantella (D)
  4 jumping spiders (D)
  4 yaks (D)
  A wraith (D)
  A wyvern (D)
  Grum (D)
  A redback (D)
  2 basilisks (D)
  A vampire mosquito (D)
  2 nagas (D)
  A floating eye (D)
  5 orc warriors (D)
  5 water moccasins (D)
  3 swamp drakes (D)
  A necrophage (D)
  A boggart (D)
  4 wolves (D)
  A centaur (D)
  4 bullfrogs (D)
  A killer bee (D)
  3 orc priests (D)
  A hound (D)
  An iguana (D)
  9 orc wizards (D)
  A white imp (D)
  7 orcs (D)
  2 ball pythons (D)
  A bat (D)
  A quokka (D)
  A frilled lizard (D)
225 creatures vanquished.

Vanquished Creatures (collateral kills)
  A yaktaur captain (D)
  A boulder beetle (D)
  A tengu warrior (D)
  A fire crab (shapeshifter) (D)
  A wizard (D)
  A cyclops (D)
  A merfolk (D)
7 creatures vanquished.

Vanquished Creatures (others)
  A merfolk aquamancer (D)
  A wizard (D)
2 creatures vanquished.

Grand Total: 234 creatures vanquished

Notes
Turn   | Place    | Note
-------+----------+-------------------------------------------
     0 | D        | mhtbhm the Draconian Berserker began the quest for the Orb.
     0 | D        | Reached XP level 1. HP: 19/19 MP: 1/1
     8 | D        | Reached ** piety under Trog
    67 | D        | Noticed a water moccasin
    67 | D        | Noticed a necrophage
    67 | D        | Noticed a hound
    67 | D        | Noticed an iguana
    73 | D        | Killed an iguana
    74 | D        | Reached skill level 5 in Fighting
    74 | D        | Reached XP level 2. HP: 29/29 MP: 2/2
    74 | D        | Reached XP level 3. HP: 36/36 MP: 3/3
    75 | D        | Reached *** piety under Trog
    82 | D        | Reached skill level 5 in Long Blades
    82 | D        | Reached XP level 4. HP: 42/44 MP: 4/4
    84 | D        | Killed a necrophage
    85 | D        | Reached skill level 5 in Dodging
    85 | D        | Reached XP level 5. HP: 48/52 MP: 5/5
    99 | D        | Killed a water moccasin
   105 | D        | Found a snail-covered altar of Cheibriados.
   105 | D        | Found a shadowy altar of Dithmenos.
   105 | D        | Found a white marble altar of Elyvilon.
   105 | D        | Found a blossoming altar of Fedhas.
   105 | D        | Found an opulent altar of Gozag.
   106 | D        | Found a hazy altar of Hepliaklqana.
   107 | D        | Found a viscous altar of Jiyva.
   108 | D        | Found an ancient bone altar of Kikubaaqudgha.
   109 | D        | Found a corrupted altar of Lugonu.
   110 | D        | Found a burning altar of Makhleb.
   111 | D        | Found a sparkling altar of Nemelex Xobeh.
   112 | D        | Found an iron altar of Okawaru.
   113 | D        | Found a stormy altar of Qazlal.
   114 | D        | Found a sacrificial altar of Ru.
   115 | D        | Found a shimmering blue altar of Sif Muna.
   116 | D        | Found a bloodstained altar of Trog.
   117 | D        | Found a hide-covered altar of Uskayaw.
   118 | D        | Found a radiant altar of Vehumet.
   119 | D        | Found an ornate altar of the Wu Jian Council.
   120 | D        | Found a shimmering altar of Xom.
   121 | D        | Found a basalt altar of Yredelemnul.
   122 | D        | Found a glowing silver altar of Zin.
   123 | D        | Found a glowing golden altar of the Shining One.
   363 | D        | Noticed a centaur
   363 | D        | Noticed a yak
   363 | D        | Noticed a hornet
   363 | D        | Noticed a yak
   366 | D        | Killed a yak
   366 | D        | Reached **** piety under Trog
   367 | D        | Reached XP level 6. HP: 63/63 MP: 6/6
   371 | D        | Killed a hornet
   372 | D        | Reached skill level 10 in Long Blades
   372 | D        | Your scales start taking on a dull iron-grey colour.
   372 | D        | Reached XP level 7. HP: 56/71 MP: 7/7
   375 | D        | Killed a yak
   376 | D        | Reached skill level 10 in Fighting
   379 | D        | Reached ***** piety under Trog
   615 | D        | Noticed a deep elf pyromancer
   615 | D        | Noticed a tengu warrior
   615 | D        | Noticed a cyclops
   615 | D        | Noticed a vampire mosquito
   615 | D        | Noticed a slime creature
   615 | D        | Noticed a wraith
   618 | D        | Killed a wraith
   619 | D        | Reached XP level 8. HP: 81/81 MP: 8/8
   621 | D        | Killed a slime creature
   632 | D        | Killed a cyclops
   636 | D        | Killed a deep elf pyromancer
   637 | D        | Reached skill level 10 in Dodging
   637 | D        | Reached skill level 1 in Stealth
   637 | D        | Reached XP level 9. HP: 22/90 MP: 9/9
   640 | D        | Killed a tengu warrior
  1022 | D        | Noticed a cane toad
  1022 | D        | Noticed a black mamba
  1026 | D        | Received a gift from Trog
  1033 | D        | Killed a black mamba
  1034 | D        | Reached skill level 15 in Long Blades
  1039 | D        | Killed a cane toad
  1040 | D        | Reached skill level 1 in Evocations
  1050 | D        | Received a gift from Trog
  1083 | D        | Noticed a five-headed hydra
  1087 | D        | Reached XP level 10. HP: 102/102 MP: 10/10
  1091 | D        | Noticed a seven-headed hydra
  1093 | D        | Noticed a cane toad
  1098 | D        | Killed a ten-headed hydra
  1106 | D        | Killed an 11-headed hydra
  1110 | D        | Reached ****** piety under Trog
  1117 | D        | Reached skill level 15 in Fighting
  1127 | D        | Killed a cane toad
  1127 | D        | Identified the +6 triple sword of Distraction {vorpal,
                  | rPois rF+} (Trog gifted it to you in the Dungeon)
  1127 | D        | Received a gift from Trog
  1333 | D        | Noticed an elephant
  1333 | D        | Noticed an elephant
  1333 | D        | Noticed an elephant
  1333 | D        | Noticed an elephant
  1333 | D        | Noticed an elephant
  1333 | D        | Noticed an elephant
  1339 | D        | Killed an elephant
  1343 | D        | Killed an elephant
  1344 | D        | Noticed an elephant
  1346 | D        | Killed an elephant
  1352 | D        | Killed an elephant
  1357 | D        | Killed an elephant
  1358 | D        | Reached XP level 11. HP: 100/114 MP: 11/11
  1528 | D        | Noticed Urug
  1539 | D        | Killed Urug
  1636 | D        | Noticed an orc knight
  1636 | D        | Noticed a stone giant
  1640 | D        | Killed a stone giant
  1643 | D        | Received a gift from Trog
  1652 | D        | Killed an orc knight
  1657 | D        | Identified the +2 executioner's axe of Amoamekh {vorpal,
                  | Str+2} (Trog gifted it to you in the Dungeon)
  1657 | D        | Received a gift from Trog
  1836 | D        | Noticed an orc knight
  1836 | D        | Noticed an orc knight
  1836 | D        | Noticed an orc knight
  1843 | D        | Killed an orc knight
  1843 | D        | Noticed an orc knight
  1845 | D        | Killed an orc knight
  1847 | D        | Received a gift from Trog
  1849 | D        | Noticed a stone giant
  1853 | D        | Killed an orc knight
  1859 | D        | Killed an orc knight
  1863 | D        | Killed a stone giant
  1872 | D        | Identified the +2 great sword of the Penguin {flame, Fly
                  | rCorr} (Trog gifted it to you in the Dungeon)
  1872 | D        | Received a gift from Trog
  1939 | D        | Found Qid Kulu's Armour Boutique.
  1939 | D        | Noticed an orc sorcerer
  1939 | D        | Noticed an orc sorcerer
  1939 | D        | Noticed an orc sorcerer
  1939 | D        | Noticed an orc sorcerer
  1939 | D        | Noticed an orc sorcerer
  1943 | D        | Killed an orc sorcerer
  1944 | D        | Noticed an orc sorcerer
  1945 | D        | Noticed a sun demon
  1945 | D        | Killed an orc sorcerer
  1946 | D        | Found Zapnig's Antique Weapon Shop.
  1948 | D        | Killed an orc sorcerer
  1948 | D        | Received a gift from Trog
  1953 | D        | Killed an orc sorcerer
  1954 | D        | Reached XP level 12. HP: 127/127 MP: 12/12
  1966 | D        | Received a gift from Trog
  1968 | D        | Found Ydwisaad's General Store.
  1977 | D        | Found Plog's Antique Armour Shop.
  2087 | D        | Identified the +6 short sword of Draconian's Regret
                  | {vorpal, rC+ Str+4 Dex+3} (Trog gifted it to you in the
                  | Dungeon)
  2087 | D        | Received a gift from Trog
  2113 | D        | Bought a +1 cloak of preservation for 198 gold pieces
  2113 | D        | Bought a +2 pair of gloves for 198 gold pieces
  2117 | D        | Bought a scroll of identify for 22 gold pieces
  2117 | D        | Bought a scroll of magic mapping for 38 gold pieces
  2117 | D        | Bought a scroll of identify for 22 gold pieces
  2117 | D        | Bought 3 scrolls of identify for 66 gold pieces
  2123 | D        | Bought a masterwork long sword for 170 gold pieces
  2123 | D        | Identified the +7 long sword of Impeachment {antimagic,
                  | Str+2} (You bought it in a shop in the Dungeon)
  2252 | D        | Found the +3 salamander hide armour {Flames rF++ rC--}
  2313 | D        | Noticed a boulder beetle
  2331 | D        | Received a gift from Trog
  2337 | D        | Noticed an ice dragon
  2339 | D        | Noticed a great orb of eyes
  2343 | D        | Noticed a spriggan air mage
  2345 | D        | Killed a boulder beetle
  2350 | D        | Received a gift from Trog
  2350 | D        | Noticed a vampire knight
  2674 | D        | Killed a vampire knight
  2763 | D        | Killed an ice dragon
  2775 | D        | Paralysed by a great orb of eyes for 4 turns
  2781 | D        | Killed a great orb of eyes
  2828 | D        | Noticed a stone giant
  2842 | D        | Killed a spriggan air mage
  2847 | D        | Killed a stone giant
  2847 | D        | Received a gift from Trog
  2870 | D        | Noticed a stone giant
  2877 | D        | Killed a stone giant
  3129 | D        | Noticed Frances
  3140 | D        | Killed Frances
  3189 | D        | Noticed a broodmother
  3195 | D        | Killed a broodmother
  3196 | D        | Reached skill level 1 in Throwing
  3200 | D        | Received a gift from Trog
  3200 | D        | Noticed a boulder beetle
  3201 | D        | Reached XP level 13. HP: 140/140 MP: 13/13
  3400 | D        | Received a gift from Trog
  3430 | D        | Received a gift from Trog
  3439 | D        | Reached skill level 15 in Dodging
  3774 | D        | Received a gift from Trog
  3859 | D        | Noticed a merfolk impaler
  3864 | D        | Received a gift from Trog
  3873 | D        | Killed a merfolk impaler
  3885 | D        | Received a gift from Trog
  4123 | D        | Noticed Grum
  4132 | D        | Killed Grum
  4174 | D        | Noticed an ettin
  4174 | D        | Noticed a fire giant
  4174 | D        | Noticed a frost giant
  4174 | D        | Noticed a fire giant
  4176 | D        | Noticed a fire giant
  4179 | D        | Noticed a fire giant
  4179 | D        | Received a gift from Trog
  4180 | D        | Reached skill level 5 in Throwing
  4187 | D        | Killed a fire giant
  4190 | D        | Killed a frost giant
  4194 | D        | Killed a fire giant
  4194 | D        | Paralysed by a floating eye for 4 turns
  4195 | D        | Noticed a fire giant
  4197 | D        | Noticed a sphinx
  4201 | D        | Killed a fire giant
  4201 | D        | Received a gift from Trog
  4586 | D        | Killed a fire giant
  4587 | D        | Reached XP level 14. HP: 132/157 MP: 14/14
  4608 | D        | Killed a fire giant
  4868 | D        | Paralysed by a floating eye for 4 turns
  4873 | D        | Received a gift from Trog
  4883 | D        | Paralysed by a sphinx for 6 turns
  4892 | D        | Killed a sphinx
  4984 | D        | Received a gift from Trog
  5001 | D        | Noticed a fire giant
  5002 | D        | Noticed a stone giant
  5003 | D        | Noticed a vampire knight
  5008 | D        | Killed a fire giant
  5016 | D        | Killed a stone giant
  5020 | D        | Killed a vampire knight
  5172 | D        | Noticed a vault warden
  5174 | D        | Received a gift from Trog
  5192 | D        | Killed a vault warden
  5192 | D        | Received a gift from Trog
  5200 | D        | Noticed an ironbound preserver
  5201 | D        | Reached skill level 27 in Long Blades
  5206 | D        | Received a gift from Trog
  5207 | D        | Noticed an orc warlord
  5217 | D        | Killed an ironbound preserver
  5223 | D        | Killed an orc warlord
  5266 | D        | Received a gift from Trog
  5590 | D        | Identified the +7 tower shield of the Wilderness {rPois
                  | Str+3 Dex-3}
  5590 | D        | Noticed Louise
  5609 | D        | Killed Louise
  5855 | D        | Noticed Snorg
  5863 | D        | Killed Snorg
  5885 | D        | Noticed Ilsuiw
  5888 | D        | Received a gift from Trog
  5902 | D        | Killed Ilsuiw
  5903 | D        | Reached skill level 27 in Fighting
  5912 | D        | Received a gift from Trog
  5921 | D        | HP: 7/168 [merfolk aquamancer/shard of ice (23)]
  5921 | D        | HP: 2/168 [merfolk (5)]
  5926 | D        | Reached XP level 15. HP: 38/174 MP: 15/15
  5931 | D        | HP: 7/174 [merfolk (15)]
  5940 | D        | Got a barnacled rune of Zot
  6370 | D        | Received a gift from Trog
  6388 | D        | Received a gift from Trog
  6390 | D        | Reached skill level 10 in Throwing
  6405 | D        | Got a decaying rune of Zot
  6642 | D        | Noticed an emperor scorpion
  6644 | D        | Received a gift from Trog
  6651 | D        | Killed an emperor scorpion
  6661 | D        | Noticed an emperor scorpion
  6715 | D        | Noticed an emperor scorpion
  6722 | D        | Noticed an emperor scorpion
  6729 | D        | Killed an emperor scorpion
  6738 | D        | Killed an emperor scorpion
  6738 | D        | Received a gift from Trog
  6744 | D        | Killed an emperor scorpion
  6753 | D        | Got a gossamer rune of Zot
  7041 | D        | Noticed a nagaraja
  7041 | D        | Noticed a nagaraja
  7041 | D        | Noticed a nagaraja
  7042 | D        | Noticed a nagaraja
  7046 | D        | Killed a nagaraja
  7046 | D        | Received a gift from Trog
  7047 | D        | Killed a nagaraja
  7047 | D        | Noticed a nagaraja
  7050 | D        | Killed a nagaraja
  7054 | D        | Noticed a nagaraja
  7055 | D        | Killed a nagaraja
  7055 | D        | Received a gift from Trog
  7060 | D        | Killed a nagaraja
  7068 | D        | Killed a nagaraja
  7071 | D        | Received a gift from Trog
  7076 | D        | Slain by a naga warrior

Illustrated notes

Levels and vault maps discovered:
D:        linesprint [early_d, line_temple, items_1, d_10, items_2, lair_1,
          lair_end, items_3, orc_1, orc_end, items_4, d_15, swamp_1, shoals_1,
          snake_1, spider_1, d_20, vaults_1, items_5, swamp_end, shoals_end,
          snake_end, spider_end, vaults_end, d_27, items_6, zot_1, zot_end,
          crypt_end, forest_end, elf_end, slime_end, tomb_end, abyss_end,
          pan_hell_end]

Skill      XL: |  1  2  3  4  5  6  7  8  9 10 11 12 13 14 15 |
---------------+----------------------------------------------+-----
Dodging        | 4 5 7 8 9 10 11 12 13 14 16 19 23 | 23.2
Fighting       | 5 7 9 10 12 13 16 18 20 23 27 | 27.0
Long Blades    | 4 5 7 9 10 12 13 16 18 21 24 25 27 | 27.0
Stealth        | 1 2 |  2.1
Evocations     | 1 2 3 4 |  4.2
Throwing       | 1 6 9 11 | 11.9

Action                   |  1- 3 |  4- 6 |  7- 9 | 10-12 | 13-15 || total
-------------------------+-------+-------+-------+-------+-------++-------
Melee: Falchion          |    30 |    17 |       |       |       ||    47
       Tailslap          |     2 |     1 |     7 |    53 |    50 ||   113
       Scimitar          |       |     7 |    58 |    30 |       ||    95
       Punch             |       |     1 |     1 |     1 |       ||     3
       Triple sword      |       |       |       |   213 |   334 ||   547
Throw: Javelin           |       |       |       |     5 |    30 ||    35
       Throwing net      |       |       |       |       |     2 ||     2
Invok: Berserk           |     1 |     1 |     3 |     8 |    11 ||    24
       Brothers in Arms  |       |       |     1 |     1 |     3 ||     5
Evoke: Wand              |       |       |     2 |       |     3 ||     5
  Use: Potion            |       |     1 |     1 |     1 |     6 ||     9
       Scroll            |       |       |       |     3 |     2 ||     5
 Stab: Distracted        |       |       |       |       |     1 ||     1
       Confused          |       |       |       |       |     1 ||     1
Armor: Skin              |     6 |     2 |    15 |    62 |   138 ||   223
Dodge: Dodged            |    20 |    18 |    34 |   110 |   255 ||   437

Table legend: (Time is in decaauts)
 A = Elapsed time spent in this place.
 B = Non-inter-level travel time spent in this place.
 C = Inter-level travel time spent in this place.
 D = Time resting spent in this place.
 E = Time spent auto-exploring this place.
 F = Levels seen in this place.
 G = Mean time per level.
                   A        B        C        D        E       F      G
               +--------+--------+--------+--------+--------+-----+--------+
         Total |   7049 |   7049 |      0 |    985 |   4159 |   1 | 7049.0 |
       Dungeon |   7049 |   7049 |      0 |    985 |   4159 |   1 | 7049.0 |
               +--------+--------+--------+--------+--------+-----+--------+

Top non-repeatable levels by time:
       D: 7049 daAuts
